 Dungeon Crawl Stone Soup version 0.31.0-12-g77e489cdc1 (webtiles) character file.

Game seed: 13220907848085030482

1533 gohu the Digger (level 8, 0/44 HPs)
             Began as a Gargoyle Earth Elementalist on Feb 25, 2024.
             Was an Initiate of Sif Muna.
             Killed by divine providence
             ... invoked by an orc priest
              (13 damage)
             ... on level 6 of the Dungeon.
             The game lasted 00:18:24 (5090 turns).

gohu the Digger (Gargoyle Earth Elementalist)       Turns: 5090, Time: 00:18:25

Health: 0/44       AC: 10    Str: 12    XL:     8   Next: 85%
Magic:  7/15       EV: 11    Int: 18    God:    Sif Muna [......]
Gold:   299        SH:  0    Dex: 10    Spells: 12/16 levels left

rFire   + . .        F - staff of cold
rCold   + . .        (no shield)
rNeg    + . .        a - +0 robe
rPois   ∞            (no helmet)
rElec   +            B - scarf {shadows}
rCorr   .            L - +1 pair of gloves
SInv    .            H - +0 pair of boots
Will    .....        (no amulet)
Stlth   ++           l - ring of protection from fire
HPRegen 0.27/turn    (no ring)
MPRegen 0.14/turn

%: no passive effects
@: no status effects
A: sickness immunity, AC +5, negative energy resistance 1, electricity
resistance, torment resistance 1, petrification resistance
a: Renounce Religion


You were on level 6 of the Dungeon.
You worshipped Sif Muna.
Sif Muna was noncommittal.
You visited 2 branches of the dungeon, and saw 7 of its levels.

You collected 299 gold pieces.

Inventory:

Hand Weapons
 d - a +0 sling
 j - a +0 short sword
 x - a +0 hand axe
 z - a +0 trident of pain
Missiles
 h - 3 javelins
 C - 10 stones
Armour
 a - a +0 robe (worn)
 i - a +0 pair of gloves
 B - a scarf of shadows (worn)
 H - a +0 pair of boots (worn)
 L - a +1 pair of gloves (worn)
Magical Staves
 F - a staff of cold (weapon)
Jewellery
 l - a ring of protection from fire (left hand)
Wands
 G - a wand of charming (15)
Scrolls
 e - 2 scrolls of vulnerability {unknown}
 g - a scroll of poison {unknown}
 k - 3 scrolls of fear {unknown}
 o - a scroll of fog {unknown}
 q - 3 scrolls of teleportation {unknown}
 r - 2 scrolls of immolation
 s - a scroll of brand weapon {unknown}
 u - a scroll of enchant weapon {unknown}
 y - a scroll of acquirement {unknown}
 A - 2 scrolls of torment {unknown}
 D - a scroll of amnesia {unknown}
 E - a scroll of noise {unknown}
 I - a scroll of revelation {unknown}
 J - a scroll of identify
Potions
 b - a potion of magic
 c - a potion of might
 f - 2 potions of heal wounds
 m - 3 potions of curing
 n - 2 potions of invisibility
 p - 2 potions of lignification {unknown}
 t - a potion of brilliance
 v - 2 potions of degeneration {unknown}
 w - a potion of haste {unknown}
 K - a potion of cancellation {unknown}


   Skills:
 + Level 2.1 Fighting
 - Level 1.5 Dodging
 - Level 4.0 Stealth
 + Level 4.9 Spellcasting
 * Level 7.5 Conjurations
 + Level 7.5 Earth Magic


You had 12 spell levels left.
You knew the following spells:

 Your Spells              Type           Power      Damage    Failure   Level
a - Sandblast             Erth           62%        2d14      1%          1
b - Stone Arrow           Conj/Erth      62%        3d10      1%          3

Your spell library contained the following spells:

 Spells                   Type           Power      Damage    Failure   Level
 Passwall                 Erth           31%        N/A       1%          3
 Brom's Barrelling Bould  Conj/Erth      31%        2d5       6%          4
 Ensorcelled Hibernation  Hex/Ice        12%        N/A       21%         2
 Petrify                  Alch/Erth      18%        N/A       28%         4
 Summon Ice Beast         Ice/Summ       6%         N/A       38%         3
 Swiftness                Air            4%         N/A       38%         3
 Summon Mana Viper        Hex/Summ       4%         N/A       98%         5
 Monstrous Menagerie      Summ           2%         N/A       100%        7


Dungeon Overview and Level Annotations

Branches:
Dungeon (6/15)             Temple (1/1) D:5

Altars:
Dithmenos
Fedhas
Gozag
Hepliaklqana
Kikubaaqudgha
Makhleb
Nemelex Xobeh
Okawaru
Sif Muna
Uskayaw
Xom
Yredelemnul
Zin
The Shining One

Shops:
D:1 =


Innate Abilities, Weirdness & Mutations

You are immune to sickness and miasma.
Your stone body is resilient. (AC +5)
You are immune to poison.
You resist negative energy. (rN+)
You are resistant to electric shocks. (rElec)
You are resistant to unholy torment.
You are immune to petrification.


Message History

You miscast Sandblast.
You are very lightly contaminated with residual magic.
Nothing appears to happen.
The orc priest looks satisfied for a moment.
Aiming: Sandblast (safe; 1% risk of failure)
Press: ? - help, Q - select action, (/) - cycle Shift-Dir - straight line, f/p - orc priest
Aim: an orc priest, wielding a +0 mace and wearing a +0 scale mail (moderately wounded, 86% to hit)
The blast of sand hits the orc priest.
The orc priest is severely wounded.
The orc priest hits you with a +0 mace.
Aiming: Sandblast (safe; 1% risk of failure)
Press: ? - help, Q - select action, (/) - cycle Shift-Dir - straight line, f/p - orc priest
Aim: an orc priest, wielding a +0 mace and wearing a +0 scale mail (severely wounded, 86% to hit)
The blast of sand hits the orc priest but does no damage.
The orc priest is severely wounded.
The orc priest barely misses you.
The orc priest casts a cantrip, but nothing happens.
Aiming: Sandblast (safe; 1% risk of failure)
Press: ? - help, Q - select action, (/) - cycle Shift-Dir - straight line, f/p - orc priest
Aim: an orc priest, wielding a +0 mace and wearing a +0 scale mail (severely wounded, 86% to hit)
The blast of sand hits the orc priest but does no damage.
The orc priest is severely wounded.
The orc priest closely misses you.
Aiming: Sandblast (safe; 1% risk of failure)
Press: ? - help, Q - select action, (/) - cycle Shift-Dir - straight line, f/p - orc priest
Aim: an orc priest, wielding a +0 mace and wearing a +0 scale mail (severely wounded, 86% to hit)
The blast of sand hits the orc priest.
The orc priest is almost dead.
The orc priest hits you with a +0 mace.
* * * LOW HITPOINT WARNING * * *
The orc priest barely misses you.
Your magical contamination has completely faded away.
Aiming: Sandblast (safe; 1% risk of failure)
Press: ? - help, Q - select action, (/) - cycle Shift-Dir - straight line, f/p - orc priest
Aim: an orc priest, wielding a +0 mace and wearing a +0 scale mail (almost dead, 86% to hit)
The blast of sand hits the orc priest but does no damage.
The orc priest is almost dead.
The orc priest calls down the wrath of Beogh upon you.
Beogh smites you!
You die...

#). #.. #
#.. #.# #.#
#...##.####
.o.o......#
#.# #o# #@#
#.# #.# #.#
#.# #.# #.#
#.# #####
#.#


You could see an orc priest.

Vanquished Creatures
  Pikel (D:5)
  Eustachio (D:5)
  A black bear (D:5)
  2 ogres
  4 lemures
  A phantom (D:6)
  A scorpion (D:4)
  A howler monkey (D:5)
  A crimson imp (D:3)
  2 bombardier beetles
  2 hounds
  2 jellies (D:4)
  A sleepcap (D:5)
  3 iguanas
  An orc wizard (D:5)
  4 gnolls
  4 adders
  A shadow imp (D:5)
  3 dart slugs
  3 ribbon worms
  9 orcs
  4 ball pythons
  6 endoplasms
  2 giant cockroaches
  10 hobgoblins
  3 jackals (D:1)
  6 kobolds
  A quokka (D:2)
  3 bats
  A frilled lizard (D:1)
  5 goblins
  A goblin skeleton (D:3)
  A hobgoblin zombie (D:3)
  A kobold skeleton (D:3)
  A kobold zombie (D:3)
  4 orc zombies (D:3)
  4 rats
101 creatures vanquished.

Notes
Turn   | Place    | Note
-------+----------+-------------------------------------------
     0 | D:1      | gohu the Gargoyle Earth Elementalist began the quest for
                  | the Orb.
     0 | D:1      | Reached XP level 1. HP: 10/10 MP: 3/3
   241 | D:1      | Reached XP level 2. HP: 15/15 MP: 3/5
   513 | D:1      | Found Gerateen's Jewellery Emporium.
   812 | D:2      | Reached XP level 3. HP: 19/19 MP: 1/6
  1471 | D:3      | Reached XP level 4. HP: 24/24 MP: 4/7
  1819 | D:3      | Identified the +1 leather armour of the Dolphin {+Blink
                  | rN+}
  2015 | D:3      | Found a glowing golden altar of the Shining One.
  2025 | D:3      | Reached skill level 5 in Earth Magic
  2025 | D:3      | Reached XP level 5. HP: 27/28 MP: 1/8
  2116 | D:3      | Learned a level 3 spell: Stone Arrow
  2636 | D:4      | Reached XP level 6. HP: 32/32 MP: 7/10
  2981 | D:5      | Entered Level 5 of the Dungeon
  3113 | D:5      | Found a staircase to the Ecumenical Temple.
  3124 | Temple   | Entered the Ecumenical Temple
  3143 | Temple   | Became a worshipper of Sif Muna the Loreminder
  3242 | D:5      | Noticed Pikel
  3625 | D:5      | Noticed a black bear
  3783 | D:5      | Killed a black bear
  3784 | D:5      | Reached XP level 7. HP: 21/36 MP: 6/12
  3984 | D:5      | Reached skill level 5 in Conjurations
  3997 | D:5      | Killed Pikel
  3998 | D:5      | Reached XP level 8. HP: 15/41 MP: 4/14
  4209 | D:5      | Noticed Eustachio
  4215 | D:5      | Killed Eustachio
  4216 | D:5      | Reached skill level 1 in Fighting
  4570 | D:6      | Found a shimmering altar of Xom.
  5090 | D:6      | Killed from afar by an orc priest

Illustrated notes

Levels and vault maps discovered:
D:1:      matt_arrival_grand_opening, layout_rooms, serial_shops,
          nicolae_square_shop
D:2:      layout_loops_ring, chequers_serial_rivers_micro_b
D:3:      layout_basic, nicolae_tso_besieged_by_evil
D:4:      layout_basic
D:5:      layout_gridville, minmay_temple_entry_glassed_door,
          small_statue_intersection, uniq_eustachio, uniq_pikel
D:6:      layout_basic, cheibriados_altar_1, ashenzari_conservatory_becter,
          mainiacjoe_overflow_six_doors_small
Temple:   nicolae_temple_slightly_damp_pantheon

Skill      XL: |  1  2  3  4  5  6  7  8 |
---------------+-------------------------+-----
Earth Magic    | 4 5 7 |  7.5
Conjurations   | 2 3 4 6 7 |  7.5
Stealth        | 3 4 |  4.0
Spellcasting   | 3 4 |  4.9
Fighting       | 2 |  2.1
Dodging        | |  1.5

Action                     |  1- 3 |  4- 6 |  7- 9 || total
---------------------------+-------+-------+-------++-------
  Melee: Short sword       |       |       |    10 ||    10
   Fire: Sling             |       |       |     6 ||     6
  Throw: Javelin           |     1 |       |     4 ||     5
   Cast: Sandblast         |    46 |   123 |    59 ||   228
    Use: Scroll            |       |     6 |       ||     6
 Armour: Robe              |     6 |    55 |    40 ||   101
  Dodge: Dodged            |    11 |    28 |    27 ||    66
